 Dungeon Crawl Stone Soup version 0.23-a0-384-g3a68796 (webtiles) character file.

174 Cryolive the Digger (level 5, -1/30 HPs)
             Began as a Gargoyle Earth Elementalist on Oct 27, 2018.
             Shot with an arrow by a centaur (13 damage)
             ... on level 4 of the Dungeon.
             The game lasted 00:08:51 (2912 turns).

Cryolive the Digger (Gargoyle Earth Elementalist)   Turns: 2912, Time: 00:08:52

Health: -1/30      AC:  7    Str: 11    XL:     5   Next: 54%
Magic:  9/9        EV: 12    Int: 17    God:
Gold:   175        SH:  0    Dex: 10    Spells: 5/9 levels left

rFire    . . .     SeeInvis .   g - +0 whip
rCold    . . .     Gourm    .   (no shield)
rNeg     + . .     Faith    .   n - +0 robe (curse)
rPois    ∞         Spirit   .   (no helmet)
rElec    +         Reflect  .   r - +0 cloak
rCorr    .         Harm     .   (no gloves)
MR       .....                  (no boots)
Stlth    ++........             h - amulet of regeneration
HPRegen  0.50/turn              (no ring)
MPRegen  0.11/turn              (no ring)

@: no status effects
A: negative energy resistance 1, electricity resistance, unbreathing,
petrification resistance, rot immunity, AC +4
a: no special abilities


You were on level 4 of the Dungeon.
You were very hungry.

You visited 1 branch of the dungeon, and saw 4 of its levels.

You collected 175 gold pieces.

Inventory:

Hand Weapons
 g - a +0 whip (weapon)
Missiles
 b - 114 stones (quivered)
Armour
 c - a +0 robe
 n - a cursed +0 robe (worn)
 r - a +0 cloak (worn)
Jewellery
 h - an amulet of regeneration (around neck)
Wands
 u - a wand of enslavement (5)
Scrolls
 e - a scroll of enchant armour {unknown}
 f - 3 scrolls of identify {unknown}
 k - 3 scrolls of remove curse {unknown}
 l - 3 scrolls of fog {unknown}
 m - a scroll of fear {unknown}
 p - a scroll of amnesia {unknown}
 t - a scroll of enchant weapon {unknown}
 v - a scroll of blinking {unknown}
Potions
 a - 2 potions of haste {unknown}
 i - a potion of flight {unknown}
 j - a potion of experience {unknown}
 o - a potion of degeneration {unknown}
 q - a potion of heal wounds {unknown}
 s - a potion of curing {unknown}
Comestibles
 d - 7 rations


   Skills:
 + Level 2.0 Fighting
 + Level 2.0 Armour
 + Level 2.2 Dodging
 - Level 2.1 Stealth
 + Level 2.8 Spellcasting
 + Level 1.6 Conjurations
   Level 0.7 Transmutations
 + Level 4.5 Earth Magic


You had 5 spell levels left.
You knew the following spells:

 Your Spells              Type           Power        Failure   Level  Hunger
a - Sandblast             Erth           ###...       2%          1    #......
b - Stone Arrow           Conj/Erth      ##....       16%         3    ###....

Your spell library contained the following spells:

 Spells                   Type           Power        Failure   Level  Hunger
 Passwall                 Tmut/Erth      ##......     10%         2    ##.....
 Petrify                  Tmut/Erth      ##......     52%         4    #####..
 Lee's Rapid Deconstruct  Erth           ###.......   61%         5    ######.


Dungeon Overview and Level Annotations

Branches:
Dungeon (4/15)
 Temple: D:4-7

Altars:


Innate Abilities, Weirdness & Mutations

You are resistant to torment.
Your stone body is resilient. (AC +4)
You are immune to poison.
You resist negative energy. (rN+)
You are resistant to electric shocks. (rElec)
You can survive without breathing.
You are immune to petrification.
You are immune to rotting.


Message History

The adder closely misses you.
You hit the adder.
You kill the adder!
HP restored.
You now have 159 gold pieces (gained 8).
You now have 175 gold pieces (gained 16).
v - a scroll labeled ILOJA QESIHIE A centaur comes into view.
The centaur wields a +0 shortbow.
The centaur shoots an arrow.
The arrow barely misses you.
You see here an arrow.
The centaur shoots an arrow.
The arrow hits you.
You see here an arrow.
The centaur shoots an arrow.
The arrow hits you.
The centaur shoots an arrow.
The arrow hits you.
You see here an arrow.
The centaur shoots an arrow.
The arrow hits you!
You see here an arrow.
The centaur shoots an arrow.
The arrow hits you!
You die...

##################
.......#.........############
................@(..((.c....#
.....#.#.........##########(#
.###.#.#.........# #..# .#
#.#.#.........# ##.# .#
#.#.#.........# ..
...#.#.#.........# #.#
####.#.#.........# ..
#.#.#.........# #c# #.#
#.........# .#


You could see a centaur.

Vanquished Creatures
  Natasha (thrice) (D:3)
  4 adders
  2 worms
  2 dart slugs (D:1)
  2 orcs (D:3)
  A ball python (D:1)
  4 giant cockroaches
  6 goblins
  4 hobgoblins
  4 jackals (D:2)
  6 kobolds
  7 bats
  4 frilled lizards
  4 rats
53 creatures vanquished.

Notes
Turn   | Place    | Note
-------+----------+-------------------------------------------
     0 | D:1      | Cryolive the Gargoyle Earth Elementalist began the quest
                  | for the Orb.
     0 | D:1      | Reached XP level 1. HP: 10/10 MP: 3/3
   347 | D:1      | Reached XP level 2. HP: 10/16 MP: 5/5
   859 | D:1      | Reached skill level 1 in Fighting
   859 | D:1      | Reached skill level 1 in Armour
  1126 | D:1      | Reached XP level 3. HP: 20/20 MP: 6/6
  1131 | D:1      | Learned a level 3 spell: Stone Arrow
  1312 | D:2      | Reached skill level 4 in Earth Magic
  1925 | D:2      | Reached XP level 4. HP: 9/25 MP: 7/7
  2245 | D:3      | Reached skill level 1 in Conjurations
  2362 | D:3      | Noticed Natasha
  2365 | D:3      | Killed Natasha
  2618 | D:3      | Noticed Natasha
  2621 | D:3      | Killed Natasha
  2621 | D:3      | Reached XP level 5. HP: 30/30 MP: 0/9
  2664 | D:3      | Noticed Natasha
  2668 | D:3      | Killed Natasha
  2901 | D:4      | Noticed a centaur
  2912 | D:4      | Shot with an arrow by a centaur

Vault maps used:
D:1:      minmay_arrival_up_and_down
D:3:      lemuel_upstairs_altar, uniq_natasha
D:4:      sigmund_edmund_badplayer

Skill      XL: |  1  2  3  4  5 |
---------------+----------------+-----
Fighting       | 1 2 |  2.0
Armour         | 1 2 |  2.0
Earth Magic    | 4 |  4.5
Dodging        | 2 |  2.2
Conjurations   | 1 |  1.6
Stealth        | |  2.1
Spellcasting   | |  2.8
Transmutations | |  0.7

Action                   |  1- 3 |  4- 6 || total
-------------------------+-------+-------++-------
Melee: Dagger            |    20 |       ||    20
       Unarmed           |     8 |       ||     8
       Whip              |   128 |    73 ||   201
 Cast: Sandblast         |    12 |     6 ||    18
       Stone Arrow       |       |     5 ||     5
 Stab: Sleeping          |     4 |     1 ||     5
  Eat: Chunk             |     3 |     3 ||     6
Armor: Robe              |    48 |    23 ||    71
Dodge: Dodged            |   127 |    48 ||   175

Table legend:
 A = Non-vault XP
 B = Vault XP
 C = Vault XP percentage of total XP
 D = Non-vault monster count
 E = Vault monster count
 F = Vault count percentage of total count
                 A         B        C        D         E       F
            +---------+---------+-------+---------+---------+-------
      Total |     214 |      35 |  14.1 |      52 |       1 |   1.9
            +---------+---------+-------+---------+---------+-------
        D:1 |      34 |       0 |   0.0 |      19 |       0 |   0.0
        D:2 |      58 |       0 |   0.0 |      18 |       0 |   0.0
        D:3 |     109 |      35 |  24.3 |      14 |       1 |   6.7
        D:4 |      13 |       0 |   0.0 |       1 |       0 |   0.0
            +---------+---------+-------+---------+---------+-------
